Map: Rhoskallian LE

Players

qqq

  • Race: Zerg Zerg
  • Spawn Location: 5:00

Massa

  • Race: Terran Terran
  • League: Platinum
  • Spawn Location: 6:00

CleaningSqud

  • Race: Protoss Protoss
  • Spawn Location: 11:00

Zpeon

  • Race: Zerg Zerg
  • League: Diamond
  • Spawn Location: 12:00

VOD

Have the link to the VOD?

Description

Time

  • Played on: Oct. 19, 2020, 3:56 p.m.
  • Length: 19:37
Show
View Real Time Build Order
Export as new Build Order

qqq Zerg 

Build Orders: Hatch First, Lurkers 

Get SALT Encoding   

  12  0:00  Drone  
  13  0:11  Drone  
  14  0:40  Hatchery  
  13  0:47  Drone  
  14  0:59  Spawning Pool  
  13  1:05  Overlord  
  13  1:13  Drone  
  13  1:16  Extractor  
  13  1:17  Drone  
  14  1:38  Drone x2  
  16  1:41  Drone  
  17  1:49  Drone  
  17  1:51  Queen  
  20  1:56  Drone  
  21  2:04  Overlord  
  21  2:21  Zergling x2  
  23  2:22  Zergling x2  
  23  2:23  Zergling x2  
  23  2:27  Queen  
  26  2:33  Zergling x2  
  26  2:35  Zergling x2  
  28  2:41  Metabolic Boost  
  28  2:44  Extractor  
  28  2:48  Zergling x2  
  28  2:51  Zergling x2  
  28  2:55  Zergling x2  
  30  3:02  Zergling x2  
  30  3:04  Overlord  
  31  3:08  Zergling x2  
  32  3:16  Baneling Nest  
  32  3:18  Zergling x2  
  32  3:32  Zergling x6  
  35  3:34  Drone  
  35  3:35  Zergling x2  
  37  3:56  Zergling x6  
  40  4:06  Zergling x8  
  41  4:18  Zergling x4  
  41  4:21  Overlord x2  
  43  4:29  Baneling x2  
  43  4:31  Baneling x2  
  38  4:46  Zergling x6  
  38  4:47  Drone x2, Zergling x2  
  31  5:11  Baneling x3  
  31  5:13  Drone x3  
  33  5:29  Hatchery  
  33  5:30  Drone x3  
  33  5:32  Drone x2  
  33  5:35  Extractor  
  36  5:42  Drone  
  37  5:43  Drone  
  37  5:49  Drone  
  39  5:50  Drone x3, Extractor  
  41  6:04  Lair  
  40  6:24  Zergling x10  
  40  6:25  Drone x2  
  45  6:26  Drone  
  47  6:39  Drone  
  48  6:40  Drone  
  48  6:44  Queen  
  48  6:45  Drone  
  52  6:58  Drone  
  52  6:59  Drone  
  52  7:00  Extractor  
  53  7:04  Hydralisk Den  
  53  7:05  Drone x2  
  53  7:06  Drone, Zergling x2  
  53  7:07  Drone x3  
  53  7:08  Drone x2, Spire  
  61  7:11  Baneling x2  
  61  7:14  Drone  
  61  7:20  Drone  
  62  7:33  Evolution Chamber  
  62  7:36  Muscular Augments  
  61  7:38  Drone x2, Zergling x2  
  61  7:39  Drone x3, Lurker Den  
  66  7:56  Overlord x3  
  66  8:11  Hatchery, Spine Crawler  
  64  8:25  Drone x3  
  64  8:26  Drone x3  
  70  8:29  Mutalisk  
  70  8:30  Mutalisk x4  
  70  8:32  Drone x4  
  70  8:33  Drone x2  
  86  8:35  Drone  
  87  8:46  Hydralisk  
  87  8:48  Grooved Spines, Overlord  
  89  8:49  Overlord x2  
  89  8:50  Drone  
  89  8:53  Extractor  
  89  8:57  Extractor  
  88  9:20  Hydralisk  
  88  9:21  Hydralisk x5  
  91  9:38  Hydralisk x3  
  91  9:39  Hydralisk  
  91  9:42  Lurker  
  100  9:53  Hatchery  
  100  9:55  Drone x6  
  105  10:16  Overlord x5  
  105  10:17  Overlord  
  67  10:43  Hydralisk x5  
  67  10:44  Hydralisk  
  71  11:05  Hydralisk x2  
  71  11:06  Hydralisk  
  77  11:17  Lurker x3  
  77  11:18  Lurker x3  
  83  11:23  Hydralisk x3  
  83  11:24  Hydralisk, Spore Crawler  
  90  11:32  Spore Crawler  
  89  11:43  Hydralisk x2  
  89  11:44  Hydralisk x2  
  97  11:59  Hydralisk  
  97  12:00  Hydralisk x2  
  100  12:11  Hatchery  
  100  12:15  Hydralisk x5  
  95  12:21  Hatchery  
  104  12:24  Hydralisk  
  106  12:42  Hydralisk  
  106  12:43  Hydralisk x4  
  116  12:55  Spore Crawler  
  115  13:02  Overlord x2  
  115  13:03  Hydralisk, Overlord  
  115  13:04  Hydralisk x3  
  123  13:12  Infestation Pit  
  117  14:12  Hydralisk x6  
  117  14:14  Drone x3  
  117  14:16  Hive  
  132  14:17  Zerg Missile Weapons Level 1  
  132  14:26  Spore Crawler  
  132  14:27  Spore Crawler  
  132  14:28  Spore Crawler  
  132  14:30  Spore Crawler  
  73  14:58  Drone x3  
  73  14:59  Hydralisk x6  
  82  15:27  Extractor  
  81  15:30  Drone x2  
  77  16:14  Zerg Ground Armor Level 1  
  77  16:15  Ultralisk Cavern  
  77  16:17  Zergling x6  
  77  16:18  Drone, Zergling x6  
  82  16:19  Drone x2  
  85  16:25  Greater Spire  
  85  16:36  Lurker x2  
  85  16:37  Lurker x4  
  85  16:39  Hydralisk x4  
  97  16:41  Drone x2  
  101  17:06  Hatchery  
  100  17:20  Ultralisk x2  
  98  17:55  Ultralisk x4  
  98  17:57  Corruptor  
  98  17:58  Corruptor  
  124  18:21  Hydralisk  
  124  18:22  Hydralisk x5  
  98  18:43  Corruptor x2  
  98  18:45  Drone x2  
  98  18:46  Drone  
  105  18:53  Brood Lord  
  105  18:54  Hydralisk  
  103  18:57  Drone  
  104  19:03  Spore Crawler  
  104  19:04  Spore Crawler x2  
Show
View Real Time Build Order
Export as new Build Order

Massa Terran 

Build Orders:  

Get SALT Encoding   

  12  0:01  SCV  
  13  0:13  SCV  
  14  0:24  Supply Depot  
  14  0:26  SCV  
  15  0:38  Refinery  
  15  0:46  SCV  
  15  0:49  Barracks  
  16  0:58  SCV  
  17  1:10  SCV  
  18  1:15  Refinery  
  18  1:22  SCV  
  19  1:34  SCV  
  20  1:41  Reaper  
  22  1:48  Orbital Command  
  21  1:59  Factory  
  21  2:13  Marine  
  21  2:14  SCV  
  23  2:24  Command Center  
  23  2:34  Supply Depot  
  23  2:41  Supply Depot  
  23  2:56  SCV  
  24  3:04  Hellion  
  26  3:08  SCV  
  27  3:19  Supply Depot  
  27  3:20  SCV  
  27  3:25  Hellion  
  30  3:46  Hellion  
  32  4:08  Widow Mine  
  32  4:09  Starport  
  34  4:12  Supply Depot  
  34  4:13  Supply Depot  
  34  4:18  Orbital Command  
  34  4:21  Barracks Reactor  
  33  4:25  Barracks  
  33  4:36  Supply Depot  
  33  4:38  Supply Depot  
  27  4:55  Hellion  
  27  4:59  Marine x2  
  31  5:14  Bunker  
  31  5:17  Hellion, Marine x2  
  31  5:20  Barracks Tech Lab  
  35  5:23  SCV x2  
  37  5:31  Engineering Bay  
  37  5:35  SCV x2  
  39  5:38  Hellion  
  39  5:40  Stimpack  
  39  5:42  Marine x2  
  43  5:44  Marauder  
  43  5:47  SCV x2  
  47  5:54  Medivac  
  49  5:59  Widow Mine, SCV x2  
  49  6:00  Marine x2  
  55  6:11  SCV  
  55  6:12  SCV  
  57  6:23  SCV  
  54  7:07  Hellion  
  54  7:09  SCV x2  
  54  7:14  Marauder  
  58  7:16  Marine  
  58  7:17  Marine  
  58  7:20  Barracks, Combat Shield  
  58  7:21  SCV, Barracks  
  58  7:22  SCV  
  62  7:25  Barracks  
  62  7:28  Hellion  
  64  7:33  SCV  
  64  7:34  Marine x2  
  64  7:35  Marauder  
  69  7:44  Starport Tech Lab  
  69  7:48  Starport  
  69  7:50  Hellion  
  71  7:51  Command Center  
  71  7:52  Marine x2  
  71  7:55  Factory  
  73  8:03  Cloaking Field  
  73  8:05  Banshee  
  76  8:10  Marine  
  76  8:11  Widow Mine  
  73  8:25  Marauder  
  73  8:26  Barracks Tech Lab x2  
  73  8:27  Barracks Tech Lab  
  73  8:31  Refinery  
  73  8:33  Refinery  
  73  8:36  Missile Turret  
  73  8:40  Hellion  
  75  8:46  Marauder  
  73  8:58  Missile Turret  
  68  9:23  Marauder x4  
  68  9:24  Marine  
  76  9:25  Factory Tech Lab, Orbital Command  
  76  9:26  Marine  
  73  9:38  Concussive Shells  
  68  9:42  Marine  
  68  9:44  Marauder x2, Marine  
  68  9:45  Marauder x2  
  78  9:59  Marine  
  78  10:02  Marine, Siege Tank  
  78  10:06  Marauder x4  
  91  10:17  Marine  
  91  10:20  Marine  
  93  10:27  Marauder x3  
  93  10:28  Marauder  
  88  10:34  Siege Tank  
  88  10:35  Marine  
  91  10:38  Marine  
  93  10:48  Marauder  
  93  10:49  Marauder x3  
  101  11:06  Siege Tank  
  101  11:10  Marauder x4  
  89  11:14  Marine x2  
  65  11:30  Missile Turret  
  65  11:31  Marauder x3, Marine  
  65  11:32  Marauder, Marine  
  70  11:34  Starport Reactor  
  70  11:36  Banshee  
  70  11:38  Siege Tank  
  75  11:49  Marine  
  75  11:50  Marine  
  75  11:53  Marauder x4  
  82  12:04  Factory Tech Lab, Missile Turret  
  82  12:05  Missile Turret  
  82  12:07  Marine  
  82  12:08  Marine  
  84  12:09  Missile Turret  
  84  12:10  Siege Tank  
  84  12:14  Marauder x4  
  92  12:35  Marauder  
  92  12:36  Marauder x3  
  99  12:39  Marine  
  99  12:40  Marine  
  101  12:44  Terran Infantry Weapons Level 1  
  101  12:47  Armory  
  101  12:56  Marine x2  
  101  12:57  Marauder, Marine x2  
  107  13:02  Marine  
  108  13:14  Marine  
  109  13:23  Marine x2  
  109  13:24  Marine  
  109  13:25  Marine  
  109  13:26  Marine  
  105  13:36  SCV x2  
  53  13:59  Medivac x3  
  40  14:15  Marauder  
  40  14:16  Marauder x3, Marine x2  
  50  14:29  Medivac  
  40  14:33  Marine  
  40  14:34  Marine  
  40  14:36  Command Center  
  40  14:37  Marauder x4  
  44  14:40  Cyclone x2  
  50  14:47  SCV x3  
  50  14:51  Marine  
  50  14:52  Marine  
  55  14:58  Marine x4  
  55  14:59  SCV x3  
  62  15:09  Marine  
  62  15:10  Marine  
  62  15:12  Cyclone x2  
  67  15:44  Cyclone  
  67  15:46  Command Center  
  69  16:40  Marauder x2, Marine x3  
  69  16:41  Marauder  
  69  17:02  Siege Tank x2  
  72  17:22  Marine  
  72  17:23  Marauder, Marine x2  
  72  17:24  Marauder x2  
  81  17:34  Siege Tank  
  83  17:40  Marine  
  83  17:41  Marine  
  83  17:42  Marauder  
  79  17:52  Orbital Command  
Show
View Real Time Build Order
Export as new Build Order

CleaningSqud Protoss 

Build Orders: 1 Gate Expand, Zealot Archon 

Get SALT Encoding   

  12  0:00  Probe  
  13  0:12  Probe  
  14  0:18  Pylon  
  14  0:25  Probe (Chrono Boost)  
  15  0:38  Probe (Chrono Boost)  
  15  0:39  Gateway  
  16  0:44  Probe (Chrono Boost)  
  16  0:49  Assimilator  
  17  0:53  Probe  
  18  1:05  Probe  
  19  1:17  Probe  
  20  1:30  Nexus  
  20  1:31  Probe  
  21  1:43  Gateway  
  21  1:46  Probe  
  22  1:49  Assimilator  
  22  1:53  Pylon  
  22  1:58  Probe  
  23  2:11  Probe  
  24  2:35  Cybernetics Core  
  24  2:39  Probe  
  25  2:51  Probe (Chrono Boost)  
  25  2:55  Nexus  
  25  2:58  Probe (Chrono Boost)  
  27  3:01  Probe (Chrono Boost)  
  27  3:03  Warp Gate  
  29  3:05  Probe (Chrono Boost)  
  29  3:06  Probe (Chrono Boost)  
  29  3:11  Assimilator  
  30  3:16  Probe  
  30  3:18  Probe (Chrono Boost)  
  32  3:20  Twilight Council  
  32  3:30  Probe (Chrono Boost)  
  32  3:33  Zealot (Chrono Boost)  
  36  3:34  Probe (Chrono Boost)  
  36  3:38  Probe (Chrono Boost)  
  36  3:40  Adept (Chrono Boost)  
  40  3:42  Probe (Chrono Boost)  
  40  3:44  Probe  
  40  3:48  Gateway  
  41  3:53  Probe, Charge (Chrono Boost)  
  42  4:01  Templar Archives  
  42  4:03  Probe  
  43  4:10  Adept (Chrono Boost)  
  43  4:15  Probe  
  43  4:16  Zealot (Chrono Boost)  
  47  4:20  Probe  
  48  4:26  Gateway  
  48  4:27  Probe  
  48  4:28  Psionic Storm  
  49  4:35  Pylon  
  49  4:37  Pylon  
  49  4:53  Probe  
  49  4:54  Probe, Adept x2  
  47  5:06  Probe  
  48  5:07  Probe  
  48  5:10  Assimilator  
  48  5:13  Zealot  
  51  5:15  Zealot  
  51  5:16  Zealot  
  51  5:18  Probe  
  56  5:22  High Templar  
  56  5:27  Probe  
  59  5:32  Probe  
  59  5:33  Gateway  
  60  5:39  Probe, Nexus  
  61  5:44  Probe  
  61  5:46  Pylon  
  62  5:51  Gateway  
  62  5:54  Forge  
  62  5:55  Pylon  
  62  6:00  Pylon  
  62  6:04  Probe x2  
  62  6:08  Pylon  
  62  6:09  High Templar x3  
  69  6:14  Archon  
  69  6:15  Protoss Ground Armor Level 1 (Chrono Boost)  
  69  6:16  Probe  
  70  6:23  High Templar  
  72  6:29  Probe x2  
  74  6:34  Stalker  
  76  6:41  Probe  
  76  6:42  Probe, Pylon  
  78  6:47  Pylon, Robotics Facility  
  78  6:48  Zealot  
  78  6:49  Zealot x2  
  78  6:50  Gateway, High Templar  
  86  7:10  Pylon  
  86  7:12  Assimilator  
  86  7:13  Probe (Chrono Boost)  
  89  7:16  Assimilator  
  89  7:18  Probe x2 (Chrono Boost)  
  89  7:19  Gateway  
  90  7:22  Probe (Chrono Boost)  
  90  7:23  Gateway  
  90  7:24  Gateway  
  90  7:25  Pylon  
  90  7:26  Probe (Chrono Boost)  
  90  7:27  Pylon  
  91  7:38  Immortal (Chrono Boost)  
  91  7:42  High Templar x2  
  91  7:43  High Templar  
  91  7:44  Zealot x4  
  103  7:47  Archon  
  109  8:04  Protoss Ground Weapons Level 1, High Templar x2  
  113  8:06  High Templar, Zealot  
  113  8:09  Warp Prism (Chrono Boost)  
  119  8:14  Stalker  
  121  8:25  Probe  
  122  8:27  Zealot x2  
  122  8:28  Zealot x4  
  122  8:30  Probe  
  122  8:32  Pylon  
  135  8:34  Photon Cannon  
  135  8:37  High Templar x3  
  135  8:38  High Templar  
  143  8:47  Observer  
  144  8:54  Stalker x4  
  144  8:55  Stalker  
  153  9:10  High Templar  
  153  9:13  Stalker  
  157  9:23  Stalker  
  157  9:27  Pylon  
  157  9:29  Pylon  
  143  9:31  Photon Cannon  
  143  9:32  Shield Battery  
  135  9:38  Stalker x2  
  135  9:39  Stalker x3  
  135  9:41  High Templar  
  135  9:43  Stalker  
  147  10:10  Observer  
  148  10:28  Archon  
  126  10:39  Archon x2  
  112  10:50  Probe x2  
  114  11:02  Probe x2  
  98  11:12  Nexus  
  98  11:14  Probe  
  91  11:22  Probe  
  91  11:24  Pylon  
  92  11:25  High Templar x3  
  92  11:26  Probe, Zealot x3  
  92  11:27  Zealot, Immortal (Chrono Boost)  
  92  11:28  Stalker x2  
  115  11:44  Photon Cannon  
  115  11:46  Photon Cannon  
  115  11:49  Photon Cannon, Assimilator  
  115  11:55  Zealot x2  
  115  11:56  Zealot, Stalker x3  
  125  12:26  Probe x3  
  125  12:27  Photon Cannon  
  128  12:50  Nexus  
  128  12:51  Stalker  
  128  12:52  Stalker x2  
  128  12:53  Assimilator  
  134  13:06  Probe  
  134  13:12  Probe x2, Assimilator  
  137  13:14  Pylon  
  137  13:17  Pylon  
  137  13:21  Pylon  
  137  13:23  Zealot x4  
  137  13:24  Zealot  
  137  13:25  High Templar x2  
  103  13:56  Probe x3  
  103  13:59  Protoss Ground Weapons Level 2 (Chrono Boost), Stalker x2  
  103  14:00  Zealot x2, Stalker x3  
  103  14:01  Zealot x2  
  92  14:24  Probe x2, High Templar x2  
  94  14:25  High Templar x5  
  94  14:26  High Templar x3  
  94  14:30  Archon x4  
  114  14:31  Archon, Immortal (Chrono Boost)  
  112  14:39  Archon  
  98  14:57  Probe x2  
  100  15:02  Photon Cannon  
  100  15:05  Photon Cannon  
  100  15:06  High Templar x2  
  104  15:08  Zealot x2  
  104  15:09  Photon Cannon  
  104  15:12  Photon Cannon  
  108  15:15  Probe  
  109  15:31  High Templar x2  
  113  15:39  Robotics Bay  
  113  15:42  Forge  
  113  15:44  Pylon, Robotics Facility  
  113  15:45  Nexus  
  113  15:46  Probe x2  
  115  15:50  Stalker x3  
  115  15:53  Stalker x2  
  115  15:55  High Templar x2  
  115  15:56  High Templar  
  131  15:58  Probe  
  131  15:59  Observer (Chrono Boost)  
  133  16:07  Assimilator  
  133  16:11  Assimilator  
  132  16:21  Nexus  
  132  16:39  Probe x2  
  126  16:42  Pylon  
  126  16:43  Probe  
  126  16:44  Assimilator  
  126  16:45  Probe  
  128  16:47  Pylon  
  128  16:48  Stalker  
  128  16:49  Stalker x4  
  138  17:00  Disruptor  
  139  17:07  Disruptor  
  139  17:08  Probe x4  
  145  17:14  Photon Cannon  
  146  17:16  Photon Cannon  
  146  17:19  Dark Shrine  
  146  17:20  Probe, Photon Cannon  
  146  17:21  Probe x2  
  149  17:30  Zealot x2  
  149  17:31  Zealot x3  
  149  17:36  Blink  
  159  18:03  Disruptor x2  
  165  18:13  Nexus  
  165  18:14  Robotics Facility  
  165  18:15  Assimilator  
  165  18:17  Robotics Facility  
  165  18:20  Assimilator  
  165  18:38  Dark Templar x3  
  165  18:39  Dark Templar x3  
  165  18:40  Dark Templar  
  175  18:46  Probe  
  161  19:07  Dark Templar x3  
  154  19:16  Archon  
  150  19:19  Archon x2  
  150  19:21  Probe  
  151  19:24  Nexus  
Show
View Real Time Build Order
Export as new Build Order

Zpeon Zerg 

Build Orders: Hatch First 

Get SALT Encoding   

  12  0:02  Drone  
  13  0:13  Overlord  
  13  0:17  Drone  
  14  0:31  Drone x2  
  14  0:35  Drone  
  17  1:00  Hatchery  
  16  1:06  Drone  
  16  1:10  Extractor  
  16  1:15  Spawning Pool  
  16  1:18  Drone  
  16  1:21  Drone  
  17  1:26  Drone  
  18  1:38  Drone  
  19  1:43  Overlord  
  19  1:52  Overlord  
  19  2:01  Drone  
  19  2:04  Queen  
  22  2:13  Queen  
  22  2:15  Drone  
  25  2:22  Zergling x2  
  25  2:23  Zergling x2  
  26  2:35  Metabolic Boost  
  26  2:39  Zergling x6  
  29  2:49  Drone x2  
  31  2:56  Drone x2  
  33  3:14  Queen  
  33  3:17  Zergling x2  
  36  3:21  Zergling x2  
  37  3:27  Zergling x2  
  37  3:28  Hatchery  
  37  3:43  Drone x7  
  44  3:52  Overlord x2  
  43  4:03  Zergling x2, Overlord  
  43  4:04  Overlord  
  42  4:14  Lair  
  42  4:17  Roach Warren, Zergling x2  
  42  4:18  Zergling x8  
  46  4:26  Zergling x2  
  43  4:35  Baneling Nest  
  39  4:44  Zergling x2  
  39  4:45  Zergling x14  
  26  5:08  Roach  
  26  5:12  Drone x6  
  34  5:25  Drone x2  
  36  5:32  Drone  
  36  5:33  Drone, Extractor  
  37  5:46  Drone x5  
  37  5:47  Extractor  
  41  5:51  Drone  
  41  5:52  Drone  
  41  5:56  Drone  
  44  6:09  Drone x4  
  48  6:25  Spire  
  47  6:26  Extractor  
  47  6:27  Drone  
  20  7:12  Spine Crawler  
  20  7:13  Drone x5  
  24  7:31  Drone x3  
  24  7:33  Drone  
  28  7:40  Drone  
  29  7:44  Drone  
  29  7:45  Drone  
  29  7:48  Drone  
  32  7:53  Drone  
  32  7:57  Drone x2  
  35  8:09  Drone x4  
  35  8:10  Drone  
  40  8:23  Drone x4  
  40  8:24  Drone  
  42  8:57  Roach x8  
  56  9:52  Spore Crawler x2  
  55  9:55  Mutalisk, Spore Crawler x2  
  55  9:56  Mutalisk x3  
  55  9:57  Overlord  
  55  9:58  Overlord x2  
  60  10:15  Queen  
  62  10:25  Mutalisk x4  
  70  10:36  Overseer x2  
  70  10:41  Drone  
  70  10:42  Drone x3  
  74  11:01  Drone x4  
  74  11:02  Drone x3  
  81  11:07  Overlord  
  77  11:58  Mutalisk  
  77  11:59  Mutalisk x6  
  89  12:44  Mutalisk  
  89  12:45  Overlord x2  
  89  12:46  Overlord x3  
  91  13:02  Hatchery  
  90  13:10  Mutalisk x5  
  90  13:11  Mutalisk x3  
  106  13:14  Hatchery  
  93  13:54  Mutalisk  
  93  13:55  Mutalisk x7  
  99  14:46  Mutalisk x5  
  105  14:55  Queen  
  105  14:57  Queen  
  105  14:58  Queen  
  111  15:00  Drone x13  
  124  15:18  Drone x5  
  129  15:21  Extractor  
  129  15:22  Extractor  
  107  16:00  Mutalisk x9  
  121  16:26  Infestation Pit  
  120  16:36  Zergling x2  
  120  16:37  Zergling x22  
  120  17:49  Mutalisk  
  120  17:50  Mutalisk x8  
  136  17:53  Overlord x2  
  136  17:54  Overlord  
  135  18:20  Mutalisk x4  
  135  18:21  Mutalisk x4  
  124  19:12  Mutalisk x4  
  124  19:13  Mutalisk x7  
  143  19:24  Drone x3  
Tags
 
Add a new tag
Caveats
  • Supply blocks, unpowered buildings, or Contaminate may cause inaccurate times.
  • Supply counts are checked every 10 seconds.